 Dungeon Crawl Stone Soup version 0.29-a0-184-g2ef5e920f0 (webtiles) character file.

Game seed: 12655078063910881361

134 Moonsky the Skirmisher (level 4, -7/41 HPs)
             Began as a Minotaur Berserker on Feb 21, 2022.
             Was a Believer of Trog.
             Killed from afar by Ijyb (30 damage)
             ... with a bolt of acid
             ... on level 3 of the Dungeon.
             The game lasted 00:41:46 (2984 turns).

Moonsky the Skirmisher (Minotaur Berserker)         Turns: 2984, Time: 00:41:47

Health: -7/41      AC:  3    Str: 26    XL:     4   Next: 95%
Magic:  3/3        EV: 12    Int:  7    God:    Trog [**....]
Gold:   145        SH:  0    Dex:  9    Spells: 3/3 levels left

rFire   + + .      SeeInvis .   a - +0 hand axe
rCold   x . .      Faith    .   (no shield)
rNeg    . . .      Spirit   .   k - +0 leather armour
rPois   +          Reflect  .   (helmet restricted)
rElec   .          Harm     .   (no cloak)
rCorr   .          Rampage  .   (no gloves)
Will    .....                   (no boots)
Stlth   +.........              (no amulet)
HPRegen 0.13/turn               l - ring "Toevonwaf" {rPois rF+ Str+2 Int+3}
MPRegen 0.08/turn               e - ring of fire

@: no status effects
A: horns 2, retaliatory headbutt
a: Renounce Religion, Berserk, Trog's Hand


You were on level 3 of the Dungeon.
You worshipped Trog.
Trog was pleased with you.
You visited 1 branch of the dungeon, and saw 3 of its levels.

You collected 145 gold pieces.

Inventory:

Hand Weapons
 a - a +0 hand axe (weapon)
 h - a +0 hunting sling
Missiles
 d - 66 stones
 g - 2 poisoned darts
Armour
 k - a +0 leather armour (worn)
Jewellery
 c - a ring of protection from cold
 e - a ring of fire (right hand)
 l - the ring "Toevonwaf" (left hand) {rPois rF+ Str+2 Int+3}
   (You found it on level 2 of the Dungeon)

   [ring of poison resistance]

   Str:       It affects your strength (+2).
   Int:       It affects your intelligence (+3).
   rF:        It protects you from fire.
   rPois:     It protects you from poison.
Wands
 f - a wand of iceblast (3) (quivered)
Scrolls
 b - a scroll of identify
 m - a scroll of magic mapping {unknown}
Potions
 i - 3 potions of curing {unknown}
 j - a potion of brilliance {unknown}


   Skills:
 + Level 4.7 Fighting
 + Level 4.6 Axes
 + Level 3.6 Armour
 + Level 3.3 Dodging


You had 3 spell levels left.
You didn't know any spells.
Your spell library was empty.

Dungeon Overview and Level Annotations

Branches:
Dungeon (3/15)

Altars:

Annotations:
D:3 Ijyb


Innate Abilities, Weirdness & Mutations

You have a pair of horns on your head.
You reflexively headbutt those who attack you in melee.


Message History

An orc comes into view. It is wielding a +0 dagger.
The orc shouts!
Found 19 gold pieces and a scroll labelled RUGRONO SYACOXO.
The orc throws a boomerang.
The boomerang misses you.
There is an open door here.
Press: ? - help, v - describe, . - travel The floor.
The orc throws a boomerang.
The boomerang hits you. The orc hits you with a +0 dagger.
The orc throws a boomerang.
The boomerang hits you. The orc hits you with a +0 dagger.
The orc barely misses you. The orc hits you with a +0 dagger.
The orc hits you but does no damage. The orc closely misses you.
The orc hits you with a +0 dagger. The orc hits you with a +0 dagger.
You slash the orc!
You kill the orc!
Trog accepts your kill.
You start resting.
HP restored.
You now have 145 gold pieces (gained 19).
You see here a +0 robe.
m - a scroll labelled RUGRONO SYACOXO You open the door.
Things that are here:
a +0 dagger; 3 boomerangs
There is an open door here.
Ijyb the Twisted Goblin comes into view.
She is wielding a +4 dagger of venom and carrying a wand of acid (10).
Ijyb zaps a wand.
The bolt of acid hits you!!
Aiming: Iceblast
Press: ? - help, Q - select action, (/) - cycle Shift-Dir - straight line, f - Ijyb
Aim: Ijyb, wielding a +4 dagger of venom, wearing a +0 scale mail and carrying a wand of acid (9)
The mass of ice explodes!
The iceblast engulfs Ijyb.
Ijyb is lightly wounded.
You hear a shout!
You hear an angry hiss.
Ijyb zaps a wand.
The bolt of acid hits you!!
Ouch! That really hurt!
You die...

...#........# ............#
............# ............#
##.#........#
##.#........###
............+.#
##.#........#.#########.##.
................@..........
##.#........#..##.#g######.
#.#.........#.##.#.#
#.#....####'####.#g#
##†#....#.).....#......#
.#.#....#.......#......#
.#.######...≈...#......#
........#..≈≈≈..#.#......
........#..[≈...#.#.###.#.


You could see Ijyb.

Vanquished Creatures
  An orc wizard (D:3)
  3 adders (D:2)
  2 worms (D:2)
  2 dart slugs
  4 orcs (D:3)
  8 endoplasms
  3 giant cockroaches
  7 hobgoblins
  4 jackals (D:3)
  2 ball pythons (D:1)
  4 bats
  3 frilled lizards
  8 goblins
  7 kobolds
  8 rats
66 creatures vanquished.

Notes
Turn   | Place    | Note
-------+----------+-------------------------------------------
     0 | D:1      | Moonsky the Minotaur Berserker began the quest for the Orb.
     0 | D:1      | Reached XP level 1. HP: 19/19 MP: 0/0
   184 | D:1      | Found a faded altar of an unknown god.
   264 | D:1      | Reached XP level 2. HP: 12/27 MP: 1/1
  1415 | D:2      | Reached XP level 3. HP: 33/33 MP: 2/2
  1709 | D:2      | Reached ** piety under Trog
  1913 | D:2      | Reached XP level 4. HP: 22/41 MP: 3/3
  2249 | D:2      | Identified the ring "Toevonwaf" {rPois rF+ Str+2 Int+3}
  2977 | D:3      | Noticed Ijyb
  2984 | D:3      | Killed from afar by Ijyb

Illustrated notes

Levels and vault maps discovered:
D:1:      giann_horns, layout_loops_ring, chequers_ecumenical_altar_island,
          minmay_misc_feat_room, corner_web_ring,
          hangedman_decor_clover_reticule
D:2:      layout_rooms, minmay_misc_feat_pillars
D:3:      layout_basic, nicolae_overflow_hidden_temple,
          kennysheep_generic_room_8, uniq_ijyb, uniq_jessica

Skill      XL: |  1  2  3 |
---------------+----------+-----
Fighting       | 4 |  4.7
Axes           | 4 |  4.6
Armour         | 3 |  3.6
Dodging        | 3 |  3.3

Action                   |  1- 3 |  4- 6 || total
-------------------------+-------+-------++-------
Melee: Hand axe          |    96 |    32 ||   128
       Headbutt          |    12 |     2 ||    14
       Punch             |     1 |       ||     1
Throw: Boomerang         |     6 |       ||     6
       Stone             |     5 |       ||     5
       Dart              |     2 |     2 ||     4
Invok: Berserk           |     3 |     1 ||     4
       Trog's Hand       |       |     1 ||     1
Evoke: Wand              |       |     4 ||     4
  Use: Scroll            |     4 |       ||     4
       Potion            |       |     1 ||     1
Armor: Animal skin       |    20 |       ||    20
       Leather armour    |     5 |    14 ||    19
Dodge: Dodged            |    79 |    15 ||    94

Table legend: (Time is in decaauts)
 A = Elapsed time spent in this place.
 B = Non-inter-level travel time spent in this place.
 C = Inter-level travel time spent in this place.
 D = Time resting spent in this place.
 E = Time spent auto-exploring this place.
 F = Levels seen in this place.
 G = Mean time per level.
                   A        B        C        D        E       F      G
               +--------+--------+--------+--------+--------+-----+--------+
         Total |   3053 |   2941 |    112 |    747 |    937 |   3 | 1017.7 |
       Dungeon |   3053 |   2941 |    112 |    747 |    937 |   3 | 1017.7 |
               +--------+--------+--------+--------+--------+-----+--------+

Top non-repeatable levels by time:
     D:1: 1443 daAuts
     D:2: 913 daAuts
     D:3: 695 daAuts
